 Dungeon Crawl Stone Soup version 0.30-a0-782-ge64f9170bb (webtiles) character file.

Game seed: 5242625841294076983

41 IndexError the Shooter (level 3, -4/21 HPs)
             Began as a Gargoyle Hunter on Feb 27, 2023.
             Slain by Crazy Yiuf
             ... wielding a +3 quarterstaff of chaos
              (9 damage)
             ... on level 2 of the Dungeon.
             The game lasted 00:01:30 (1537 turns).

IndexError the Shooter (Gargoyle Hunter)            Turns: 1537, Time: 00:01:31

Health: -4/21      AC: 20    Str: 14    XL:     3   Next: 52%
Magic:  3/3        EV:  6    Int:  9    God:
Gold:   107        SH:  0    Dex: 15    Spells: 2/2 levels left

rFire   + . .      SeeInvis .    a - +0 shortbow
rCold   + + .      Faith    .    (shield currently unavailable)
rNeg    + . .      Spirit   .    o - +2 chain mail {rC+}
rPois   ∞          Reflect  .    (no helmet)
rElec   +          Harm     .    (no cloak)
rCorr   +          Rampage  .    q - +2 pair of gloves
Will    .....                    (no boots) Stlth
                                 (no amulet)
HPRegen 0.23/turn                k - +4 ring of protection
MPRegen 0.08/turn                (no ring)

@: resistant, hasted, very quick
A: sickness immunity, AC +3, negative energy resistance 1, electricity
resistance, torment resistance 1, petrification resistance
a: no special abilities


You were on level 2 of the Dungeon.
You visited 1 branch of the dungeon, and saw 2 of its levels.

You collected 107 gold pieces.

Inventory:

Hand Weapons
 a - a +0 shortbow (weapon)
Missiles
 j - 5 curare-tipped darts
Armour
 c - a +0 leather armour
 e - a +0 leather armour
   (You found it on level 1 of the Dungeon)
 i - a +0 robe
   (You found it on level 1 of the Dungeon)
 o - a +2 chain mail of cold resistance (worn)
   (You found it on level 1 of the Dungeon)
 q - a +2 pair of gloves (worn)
   (You found it on level 1 of the Dungeon)
 v - the +2 leather armour of Vurghaf {Fly Stlth+}
   (You found it on level 2 of the Dungeon)

   Fly:       It grants you flight.
   Stlth:     It makes you more stealthy.
Jewellery
 k - a +4 ring of protection (left hand)
   (You found it on level 1 of the Dungeon)
 l - a ring of ice {rC+, rF-}
   (You found it on level 1 of the Dungeon)
Scrolls
 b - 2 scrolls of immolation {!r}
 d - 4 scrolls of identify {unknown}
 f - a scroll of summoning {unknown}
 g - 2 scrolls of teleportation {unknown}
 n - 2 scrolls of enchant weapon {unknown}
 p - a scroll of torment {unknown}
 r - a scroll of magic mapping {unknown}
 s - a scroll of enchant armour {unknown}
 u - a scroll of amnesia {unknown}
Potions
 h - a potion of berserk rage {unknown}
 m - a potion of lignification {unknown}
 t - a potion of mutation {unknown}
 w - a potion of cancellation {unknown}


   Skills:
 - Level 2.1 Fighting
 + Level 5.2 Ranged Weapons
 - Level 1.5 Dodging
 - Level 1.1 Stealth


You had 2 spell levels left.
You didn't know any spells.
Your spell library contained the following spells:

 Spells                   Type           Power      Damage    Failure   Level
 Wereblood                Tmut           0%         N/A       100%        2
 Summon Hydra             Summ           0%         N/A       100%        7
 Sublimation of Blood     Necr           Unusable   N/A       N/A         2

Dungeon Overview and Level Annotations

Branches:
Dungeon (2/15)

Altars:

Annotations:
D:2 Crazy Yiuf


Innate Abilities, Weirdness & Mutations

You are immune to sickness and miasma.
Your stone body is resilient. (AC +3)
You are immune to poison.
You resist negative energy. (rN+)
You are resistant to electric shocks. (rElec)
You are resistant to unholy torment.
You are immune to petrification.


Message History

You pick up a book of Blood and begin reading...
You add the spells Wereblood and Summon Hydra to your library.
Health restored: 21 No target in view!
n - 2 scrolls labelled BEEHEO ORUEJOC (gained 1)
g - 2 scrolls labelled OJALIU QITRAMP (gained 1)
You see here a +0 dagger.
Things that are here:
a +0 hand axe; a goblin skeleton You see here a +0 hammer.
You see here a +0 hammer.
You see here a +0 hammer.
You see here a +0 hammer.
Crazy Yiuf shouts!
You see here a +0 hammer.
Could not explore, unopened runed door.
Spoiler Alert: Crazy Yiuf can hit for high damage in melee!
Could not explore, unopened runed door.
As you open the door, it creaks loudly!
You shoot an arrow. The arrow closely misses Crazy Yiuf.
Crazy Yiuf screams, "Ten!
Nubble tea sing."
You shoot an arrow. The arrow closely misses Crazy Yiuf.
Crazy Yiuf barely misses you.
Crazy Yiuf grits, "Mugger!
Peeping Hive meccalolo."
Crazy Yiuf hits you with a +3 quarterstaff of chaos.
Crazy Yiuf burns you.
You shoot an arrow. The arrow hits Crazy Yiuf.
Crazy Yiuf cries, "Rot!
Ice unthinkable green."
Crazy Yiuf hits you with a +3 quarterstaff of chaos.
You feel yourself speed up. Crazy Yiuf hits you but does no damage.
You resist with some effort.
You shoot an arrow. The arrow closely misses Crazy Yiuf.
Crazy Yiuf hits you with a +3 quarterstaff of chaos!
Ouch! That really hurt!
* * * LOW HITPOINT WARNING * * *
You are too injured to fight recklessly!
You are too injured to fight recklessly!
You are too injured to fight recklessly!
You are too injured to fight recklessly!
You are too injured to fight recklessly!
You are too injured to fight recklessly!
You are too injured to fight recklessly!
You are too injured to fight recklessly!
You are too injured to fight recklessly!
Spoiler Alert: Crazy Yiuf can hit for high damage in melee!
You take 17 damage, and have 4/21 hp.
MASSIVE DAMAGE!!
You are too injured to fight recklessly!
You are too injured to fight recklessly!
You are too injured to fight recklessly!
You are too injured to fight recklessly!
You are too injured to fight recklessly!
Spoiler Alert: Crazy Yiuf can hit for high damage in melee!
You are too injured to fight recklessly!
You are too injured to fight recklessly!
You are too injured to fight recklessly!
You are too injured to fight recklessly!
You are too injured to fight recklessly!
You are too injured to fight recklessly!
Spoiler Alert: Crazy Yiuf can hit for high damage in melee!
Fire: a) +0 shortbow
Press: ? - help, Q - select action Shift-Dir - straight line, f/p - Crazy Yiuf
Aim: Crazy Yiuf, wielding a +3 quarterstaff of chaos and wearing a +0 cloak (lightly wounded, 65% to hit)
You shoot an arrow. The arrow completely misses Crazy Yiuf.
Crazy Yiuf hits you but does no damage. x2
You feel protected.
Spoiler Alert: Crazy Yiuf can hit for high damage in melee!
Fire: a) +0 shortbow
Press: ? - help, Q - select action Shift-Dir - straight line, f/p - Crazy Yiuf
Aim: Crazy Yiuf, wielding a +3 quarterstaff of chaos and wearing a +0 cloak (65% to hit)
You shoot an arrow. The arrow closely misses Crazy Yiuf.
Crazy Yiuf hits you with a +3 quarterstaff of chaos.
* * * LOW HITPOINT WARNING * * *
Spoiler Alert: Crazy Yiuf can hit for high damage in melee!
You take 1 damage, and have 4/21 hp.
Fire: a) +0 shortbow
Press: ? - help, Q - select action Shift-Dir - straight line, f/p - Crazy Yiuf
Aim: Crazy Yiuf, wielding a +3 quarterstaff of chaos and wearing a +0 cloak (65% to hit)
You shoot an arrow. The arrow hits Crazy Yiuf.
Crazy Yiuf hits you but does no damage.
Spoiler Alert: Crazy Yiuf can hit for high damage in melee!
Fire: a) +0 shortbow
Press: ? - help, Q - select action Shift-Dir - straight line, f/p - Crazy Yiuf
Aim: Crazy Yiuf, wielding a +3 quarterstaff of chaos and wearing a +0 cloak (lightly wounded, 65% to hit)
You shoot an arrow. The arrow barely misses Crazy Yiuf.
Crazy Yiuf hits you but does no damage.
Fire: a) +0 shortbow
Press: ? - help, Q - select action Shift-Dir - straight line, f/p - Crazy Yiuf
Aim: Crazy Yiuf, wielding a +3 quarterstaff of chaos and wearing a +0 cloak (lightly wounded, 65% to hit)
You shoot an arrow.
The arrow hits Crazy Yiuf but does no damage.
Crazy Yiuf yells, "Citrus!"
Crazy Yiuf hits you but does no damage.
Spoiler Alert: Crazy Yiuf can hit for high damage in melee!
Fire: a) +0 shortbow
Press: ? - help, Q - select action Shift-Dir - straight line, f/p - Crazy Yiuf
Aim: Crazy Yiuf, wielding a +3 quarterstaff of chaos and wearing a +0 cloak (lightly wounded, 65% to hit)
You shoot an arrow. The arrow hits Crazy Yiuf.
Crazy Yiuf says, "Goober!"
Crazy Yiuf hits you with a +3 quarterstaff of chaos!
You die...

#..................
#.........###......
#.........# #......
########### #......
####### ######## ###
###)#)P..## #
#)))##))#).....### ##
#.))g@####PP.....####.
#)))### ##P...#......
### #########... ####


You could see Crazy Yiuf.

Vanquished Creatures
  2 dart slugs
  2 bats
  3 endoplasms
  3 giant cockroaches
  5 goblins
  3 hobgoblins
  7 jackals (D:1)
  2 ball pythons
  A frilled lizard (D:1)
  2 kobolds
30 creatures vanquished.

Vanquished Creatures (others)
  7 toadstools (D:1)
7 creatures vanquished.

Grand Total: 37 creatures vanquished

Notes
Turn   | Place    | Note
-------+----------+-------------------------------------------
     0 | D:1      | IndexError the Gargoyle Hunter began the quest for the Orb.
     0 | D:1      | Reached XP level 1. HP: 12/12 MP: 1/1
   124 | D:1      | Reached XP level 2. HP: 17/17 MP: 2/2
  1030 | D:2      | Reached XP level 3. HP: 21/21 MP: 3/3
  1060 | D:2      | Reached skill level 5 in Ranged Weapons
  1121 | D:2      | Found a runed translucent door.
  1122 | D:2      | Noticed Crazy Yiuf
  1251 | D:2      | Identified the +2 leather armour of Vurghaf {Fly Stlth+}
  1531 | D:2      | HP: 4/21 [Crazy Yiuf/+3 quarterstaff of chaos (12)]
  1537 | D:2      | Slain by Crazy Yiuf

Illustrated notes

Levels and vault maps discovered:
D:1:      nagdon_arrival_double_spiral, layout_basic, minmay_pentomino_o2
D:2:      layout_rooms, uniq_crazy_yiuf_cottage

Skill      XL: |  1  2  3 |
---------------+----------+-----
Ranged Weapons | 5 |  5.2
Fighting       | |  2.1
Dodging        | |  1.5
Stealth        | |  1.1

Action                     || total
---------------------------++-------
   Fire: Shortbow          ||    93
 Armour: Leather armour    ||    12
         Chain mail        ||    15
  Dodge: Dodged            ||    27

Table legend: (Time is in decaauts)
 A = Elapsed time spent in this place.
 B = Non-inter-level travel time spent in this place.
 C = Inter-level travel time spent in this place.
 D = Time resting spent in this place.
 E = Time spent auto-exploring this place.
 F = Levels seen in this place.
 G = Mean time per level.
                   A        B        C        D        E       F      G
               +--------+--------+--------+--------+--------+-----+--------+
         Total |   1621 |   1553 |     68 |      0 |   1334 |   2 |  810.5 |
       Dungeon |   1621 |   1553 |     68 |      0 |   1334 |   2 |  810.5 |
               +--------+--------+--------+--------+--------+-----+--------+

Top non-repeatable levels by time:
     D:1: 1059 daAuts
     D:2: 562 daAuts

Table legend:
 A = Kills in this place as a percentage of kills in entire the game.
 B = Kills by you in this place as a percentage of kills by you in the entire game.
 C = Kills by friends in this place as a percentage of kills by friends in the entire game.
 D = Other kills in this place as a percentage of other kills in the entire game.
 E = Experience gained in this place as a percentage of experience gained in the entire game.
 F = Experience gained in this place divided by the number of levels of this place that you have seen.
                   A       B       C       D       E      F
               +-------+-------+-------+-------+-------+----------------------
         Total | 100.0 | 100.0 |   N/A |   N/A | 100.0 |  29.5
       Dungeon | 100.0 | 100.0 |   N/A |   N/A | 100.0 |  29.5
               +-------+-------+-------+-------+-------+----------------------
